 Dungeon Crawl Stone Soup version 0.24.0-13-gcf9b319 (webtiles) character file.

Game seed: 10644492657988778912, levelgen mode: deterministic

163 Balder the Poker (level 5, -3/40 HPs)
             Began as a Merfolk Gladiator on Dec 26, 2019.
             Slain by a scorpion (7 damage)
             ... on level 4 of the Dungeon.
             The game lasted 00:11:56 (2657 turns).

Balder the Poker (Merfolk Gladiator)                Turns: 2657, Time: 00:11:57

Health: -3/40      AC: 11    Str: 13 (15) XL:     5   Next: 44%
Magic:  5/5        EV:  7    Int:  7 (8)  God:
Gold:   115        SH:  0    Dex: 13 (15) Spells: 4/4 levels left

rFire    . . .     SeeInvis .   a - +0 trident
rCold    . . .     Gourm    .   (no shield)
rNeg     . . .     Faith    .   l - +0 chain mail
rPois    .         Spirit   .   c - +0 helmet
rElec    .         Reflect  .   j - +1 cloak
rCorr    .         Harm     .   (no gloves)
MR       .....                  (no boots)
Stlth    ..........             (no amulet)
HPRegen  0.13/turn              (no ring)
MPRegen  0.09/turn              (no ring)

@: lethally poisoned (-3 -> -18)
A: change form in water, swift swim, stealthy swim
a: no special abilities


You were on level 4 of the Dungeon.
You were not hungry.

You visited 1 branch of the dungeon, and saw 4 of its levels.

You collected 115 gold pieces.

Inventory:

Hand Weapons
 a - a +0 trident (weapon)
 r - a +1 flail of holy wrath
Missiles
 d - 2 throwing nets
 h - 8 javelins (quivered)
Armour
 c - a +0 helmet (worn)
 j - a +1 cloak (worn)
 l - a +0 chain mail (worn)
Jewellery
 o - an uncursed ring of protection from magic {unknown}
 p - a cursed amulet of inaccuracy {unknown}
 q - a cursed amulet of inaccuracy {unknown}
Scrolls
 b - a scroll of remove curse
 e - 3 scrolls of magic mapping {unknown}
 g - a scroll of blinking {unknown}
 k - 3 scrolls of identify {unknown}
 m - 3 scrolls of enchant weapon {unknown}
Comestibles
 f - 5 rations


   Skills:
 * Level 2.9 Fighting
 * Level 6.5 Polearms
 * Level 2.5 Throwing
 + Level 0.5 Armour
 * Level 4.8 Dodging
 * Level 1.9 Stealth


You had 4 spell levels left.
You didn't know any spells.
Your spell library was empty.

Dungeon Overview and Level Annotations

Branches:
Dungeon (4/15)
 Temple: D:4-7

Altars:
Qazlal


Message History

The scorpion stings you but does no damage.
You closely miss the scorpion.
The scorpion is severely wounded.
You feel sick. The scorpion stings you.
You hit the scorpion.
The scorpion is almost dead.
The scorpion stings you.
* * * LOW HITPOINT WARNING * * *
Your chain mail prevents you from hitting the scorpion.
The scorpion is almost dead.
You feel sick. The scorpion stings you.
* * * LOW HITPOINT WARNING * * *
You are lethally poisoned!
The scorpion poisons you!
It was a potion of degeneration.
There was something very wrong with that liquid.
You feel weakened.
You feel dopey.
You feel clumsy.
* * * LOW HITPOINT WARNING * * *
You feel sick. The scorpion stings you!
You die...

######## ......#
############# .....#
#...........# #....#
#.#########.# ##.#..# #.#
#.# ##.....# #.# ### #.#####
#......###[####.## #......
#.......s@.....#.###.#####
#.......##....###..÷)....^
#.......#..##<.#.###...###
.....######.######..........
###.# #.. #####...### ..#
.#.# #.### ### ≈≈. ..# #..
###


You could see a scorpion.

Vanquished Creatures
  A hound (D:3)
  Crazy Yiuf (D:2)
  4 adders
  2 oozes
  2 leopard geckos
  2 orcs (D:4)
  2 giant cockroaches
  9 goblins
  4 hobgoblins
  5 jackals
  10 kobolds
  7 bats
  2 frilled lizards (D:2)
  8 rats
59 creatures vanquished.

Notes
Turn   | Place    | Note
-------+----------+-------------------------------------------
     0 | D:1      | Balder the Merfolk Gladiator began the quest for the Orb.
     0 | D:1      | Reached XP level 1. HP: 16/16 MP: 1/1
    69 | D:1      | Reached XP level 2. HP: 20/23 MP: 2/2
   239 | D:1      | Reached skill level 5 in Polearms
   351 | D:1      | Reached XP level 3. HP: 28/28 MP: 3/3
   916 | D:2      | Reached skill level 1 in Stealth
  1325 | D:2      | Reached XP level 4. HP: 34/34 MP: 4/4
  1528 | D:2      | Found a runed translucent door.
  1529 | D:2      | Noticed Crazy Yiuf
  1538 | D:2      | Killed Crazy Yiuf
  1538 | D:2      | Reached skill level 6 in Polearms
  1998 | D:3      | Reached XP level 5. HP: 29/40 MP: 5/5
  2449 | D:3      | Found a stormy altar of Qazlal.
  2657 | D:4      | Slain by a scorpion

Levels and vault maps discovered:
D:1:      dpeg_arrival_three_same_balls, layout_basic
D:2:      layout_rooms, st_stairs_6, uniq_crazy_yiuf_cottage
D:3:      layout_basic, grunt_qazlal_clouds
D:4:      layout_loops_ring, tgw_xom, moated_statue

Skill      XL: |  1  2  3  4 |
---------------+-------------+-----
Polearms       | 5 6 |  6.5
Stealth        | 1 |  1.9
Fighting       | |  2.9
Throwing       | |  2.5
Armour         | |  0.5
Dodging        | |  4.8

Action                   |  1- 3 |  4- 6 || total
-------------------------+-------+-------++-------
Melee: Trident           |   110 |    86 ||   196
Throw: Throwing net      |     1 |       ||     1
       Javelin           |    15 |     3 ||    18
  Use: Potion            |     2 |     1 ||     3
       Scroll            |       |     1 ||     1
  Eat: Chunk             |     1 |     5 ||     6
Armor: Leather armour    |     6 |       ||     6
       Scale mail        |     4 |       ||     4
       Chain mail        |    37 |    41 ||    78
       Skin              |     1 |     5 ||     6
Dodge: Dodged            |    56 |    23 ||    79
